 Dungeon Crawl Stone Soup version 0.22-a0-433-gd2a9cce0b5 (webtiles) character file.

6232 HANFGEIST the Jinx (level 11, -1/72 HPs)
             Began as a Human Enchanter on Mar 23, 2018.
             Was a Believer of Makhleb.
             Slain by a merfolk
             ... wielding a +0 spear
              (16 damage)
             ... on level 9 of the Dungeon on May 28, 2018.
             The game lasted 00:30:59 (9209 turns).

HANFGEIST the Jinx (Human Enchanter)                Turns: 9209, Time: 00:30:59

Health: -1/72      AC:  7    Str:  8    XL:     11   Next: 14%
Magic:  28/28      EV: 17    Int: 19    God:    Makhleb [**....]
Gold:   330        SH:  0    Dex: 20    Spells: 12/21 levels left

rFire    . . .     SeeInvis .   D - +11 whip "Tiut" {slash, Dex+6}
rCold    + . .     Gourm    .   (no shield)
rNeg     + . .     Faith    .   J - +1 robe "Mugo" {rN+}
rPois    .         Spirit   .   (helmet restricted)
rElec    .         Reflect  .   j - +0 cloak
rCorr    .         Harm     .   (no gloves)
MR       .....                  (no boots)
Stlth    ++++......             l - amulet of regeneration
HPRegen  0.62/turn              m - +3 ring of protection
MPRegen  0.21/turn              I - ring of magical power

@: no status effects
A: horns 1, blurry vision 1, cold resistance 1
a: Minor Destruction, Renounce Religion


You were on level 9 of the Dungeon.
You worshipped Makhleb.
Makhleb was pleased with you.
You were not hungry.

You visited 2 branches of the dungeon, and saw 10 of its levels.
You also visited: Ossuary.

You collected 418 gold pieces.
You spent 88 gold pieces at shops.

Inventory:

Hand Weapons
 b - a +4 scimitar of freezing
 c - a +7 dagger of flaming
 h - the +8 mace "Killer Klown's Bane" {drain, *Noise Dex+4}
   (You found it on level 8 of the Dungeon)

   A truly terrible weapon, it drains the life of those it strikes.
   It affects your dexterity (+4).
   It may make noises in combat.
 D - the +11 whip "Tiut" (weapon) {slash, Dex+6}
   (You found it on level 9 of the Dungeon)

   It inflicts extra damage upon your enemies.
   It affects your dexterity (+6).
Missiles
 p - 19 tomahawks (quivered)
Armour
 g - a +0 helmet
 j - a +0 cloak (worn)
 J - the +1 robe "Mugo" (worn) {rN+}
   (You found it on level 9 of the Dungeon)

   It protects you from negative energy.
Jewellery
 l - an amulet of regeneration (around neck)
 m - a +3 ring of protection (left hand)
 t - an uncursed ring of fire
 E - an uncursed amulet of the acrobat
 I - a ring of magical power (right hand)
Wands
 C - a wand of iceblast (9)
 K - a wand of polymorph (10)
Scrolls
 e - 2 scrolls of random uselessness {unknown}
 f - a scroll of magic mapping
 n - 6 scrolls of teleportation
 u - 3 scrolls of amnesia {unknown}
 v - 7 scrolls of remove curse
 w - 4 scrolls of fear
 A - 3 scrolls of enchant armour
 F - a scroll of fog
 G - 5 scrolls of identify
 H - a scroll of holy word {unknown}
Potions
 a - 6 potions of curing
 i - 2 potions of resistance
 k - 2 potions of heal wounds
 o - 4 potions of brilliance {unknown}
 q - 2 potions of invisibility
 r - 2 potions of cancellation
 s - 2 potions of berserk rage
 x - 2 potions of flight
 z - a potion of lignification
Comestibles
 d - 16 rations


   Skills:
 - Level 2.2 Fighting
 + Level 3.6 Short Blades
 + Level 0.7(2.3) Long Blades
 + Level 0.7 Maces & Flails
 + Level 6.9 Dodging
 + Level 9.1 Stealth
 + Level 5.5 Spellcasting
 * Level 10.0 Hexes
 + Level 2.8 Ice Magic


You had 12 spell levels left.
You knew the following spells:

 Your Spells              Type           Power        Failure   Level  Hunger
a - Corona                Hex            #####..      1%          1    None
b - Ensorcelled Hibernat  Hex/Ice        ####..       1%          2    None
c - Confuse               Hex            #####...     1%          3    ##.....
d - Tukima's Dance        Hex            #####...     1%          3    ##.....

Your spell library contained the following spells:

 Spells                   Type           Power        Failure   Level  Hunger
 Regeneration             Chrm/Necr      #.........   34%         3    ##.....
 Shroud of Golubria       Chrm/Tloc      #.........   19%         2    None
 Dazzling Spray           Conj/Hex       ###...       4%          3    ##.....
 Infusion                 Chrm           #...         12%         1    None
 Song of Slaying          Chrm           #.......     19%         2    None
 Spectral Weapon          Hex/Chrm       ###.....     4%          3    ##.....


Dungeon Overview and Level Annotations

Branches:
Dungeon (9/15)             Temple (1/1) D:7            Lair (0/6) D:8
    Orc: D:9-12

Altars:
Ashenzari
Cheibriados
Elyvilon
Fedhas
Gozag
Hepliaklqana
Kikubaaqudgha
Makhleb
Nemelex Xobeh
Okawaru
Ru
Sif Muna
Vehumet
Xom
Yredelemnul
Zin
The Shining One

Shops:
D:4 !   D:5 [   D:6 *


Innate Abilities, Weirdness & Mutations

You have a pair of small horns on your head.
Scrolls take you a little longer to read.
Your flesh is cold resistant. (rC+)


Message History

You barely miss the merfolk.
You headbutt the merfolk, but do no damage.
The merfolk is heavily wounded.
The merfolk misses you. The merfolk closely misses you.
Evoke which item? (* to show all) (? for menu, Esc to quit)
Aiming: Iceblast
Press: ? - help, Shift-Dir - straight line, f - merfolk
Aim: a merfolk, wielding a spear (heavily wounded)
The mass of ice explodes!
The iceblast engulfs the merfolk.
The merfolk is severely wounded.
The merfolk closely misses you.
Evoke which item? (* to show all) (? for menu, Esc to quit)
Aiming: Iceblast
Press: ? - help, Shift-Dir - straight line, f/p - merfolk
Aim: a merfolk, wielding a spear (heavily wounded)
The mass of ice explodes!
The iceblast engulfs the merfolk.
The merfolk is severely wounded.
The merfolk hits you from afar with a spear!
You die...

#.########.#...## #..#
#.# #..(...###..# #.#
#....(()(.[.# #<##
##..(..###.## #..#
##..)## #.######## ##.#
####### #.##...... #.#
#≈m%# ##.##.##### #.#
#≈.(# #..##.# #.
#.#######≈@## ###.###.#
#. #.>.....#≈.†#..##.#
#.# #.
##########'###.##.###.#
#. #.#.#.#...##.## #.
#...#.#...#...###.
###.#.....(.##)##.
#.........##....
##........##.##.
#..#...#......#


You could see a merfolk.

Vanquished Creatures
  2 two-headed ogres (D:9)
  Pikel (D:6)
  2 hippogriffs
  A wraith (D:9)
  A hungry ghost (D:9)
  Menkaure (D:6)
  An orc warrior (D:7)
  A slave (D:6)
  A necrophage (D:7)
  The ghost of Execuda the Chopper, an amateur MiGl (D:3)
  4 ogres
  3 centaurs
  2 crocodiles (D:9)
  Blork the orc (D:5)
  2 big kobolds
  3 bullfrogs
  A water moccasin zombie (D:4)
  A water moccasin skeleton (D:4)
  10 scorpions
  6 wights
  3 howler monkeys (D:7)
  5 centaur zombies (Ossuary)
  2 crimson imps
  A human zombie (Ossuary)
  8 hounds
  3 orc priests
  A centaur skeleton (D:6)
  A jelly (D:7)
  7 orc wizards
  Crazy Yiuf (D:2)
  2 iguanas
  A bullfrog skeleton (D:5)
  3 worker ants
  A killer bee zombie (D:7)
  A big kobold zombie (Ossuary)
  5 hound zombies
  4 mummies
  6 worker ant zombies
  Robin (D:2)
  2 howler monkey zombies (D:4)
  4 scorpion zombies (Ossuary)
  6 adders
  A shadow imp (D:5)
  3 oozes (D:5)
  An adder skeleton (D:7)
  6 adder zombies (D:4)
  A worm (D:2)
  7 dart slugs
  4 leopard geckos
  23 orcs
  7 giant cockroaches
  2 gnoll zombies (Ossuary)
  19 goblins
  11 hobgoblins
  3 jackals (D:5)
  4 quokkas
  2 ball pythons (D:1)
  11 bats
  9 frilled lizards
  A giant cockroach zombie (D:4)
  2 goblin zombies (Ossuary)
  A jackal zombie (D:4)
  19 kobolds
  2 kobold zombies (Ossuary)
  A leopard gecko skeleton (D:4)
  3 leopard gecko zombies
  2 orc zombies (Ossuary)
  3 quokka zombies (D:4)
  6 rats
267 creatures vanquished.

Vanquished Creatures (others)
  A dancing weapon (D:6)
1 creature vanquished.

Grand Total: 268 creatures vanquished

Notes
Turn   | Place    | Note
-------+----------+-------------------------------------------
     0 | D:1      | HANFGEIST the Human Enchanter began the quest for the Orb.
     0 | D:1      | Reached XP level 1. HP: 13/13 MP: 3/3
   204 | D:1      | Reached XP level 2. HP: 18/19 MP: 3/5
   402 | D:1      | Learned a level 2 spell: Ensorcelled Hibernation
   596 | D:1      | Reached XP level 3. HP: 25/25 MP: 1/6
   797 | D:2      | Noticed Robin
   888 | D:2      | Killed Robin
   916 | D:2      | Reached XP level 4. HP: 24/31 MP: 3/7
   923 | D:2      | Learned a level 3 spell: Confuse
  1278 | D:2      | Found an ancient bone altar of Kikubaaqudgha.
  1399 | D:2      | Found a runed door.
  1840 | D:2      | Noticed Crazy Yiuf
  1860 | D:2      | Killed Crazy Yiuf
  1860 | D:2      | Reached skill level 1 in Fighting
  1860 | D:2      | Reached skill level 4 in Hexes
  1860 | D:2      | Reached XP level 5. HP: 32/37 MP: 3/8
  2253 | D:3      | Learned a level 3 spell: Tukima's Dance
  2495 | D:3      | Reached XP level 6. HP: 43/43 MP: 9/9
  2520 | D:3      | Noticed Execuda's ghost (amateur MiGl)
  2569 | D:3      | Killed Execuda's ghost
  2855 | D:4      | Reached skill level 5 in Hexes
  3049 | D:4      | Reached XP level 7. HP: 47/48 MP: 10/10
  3447 | D:4      | Reached skill level 1 in Ice Magic
  3537 | D:4      | Reached skill level 5 in Dodging
  3586 | D:4      | Reached skill level 5 in Stealth
  3586 | D:4      | Reached XP level 8. HP: 54/54 MP: 7/11
  3860 | D:4      | Found Weogocot's Distillery.
  3865 | D:4      | Bought a potion of mutation for 88 gold pieces
  3865 | D:4      | Gained mutation: You possess an exceptional clarity of mind. [potion of mutation]
  3865 | D:4      | Gained mutation: You have sharp fingernails. [potion of mutation]
  3865 | D:4      | Gained mutation: Your spells are a little harder to cast, but a little more powerful. [potion of mutation]
  4038 | D:5      | Entered Level 5 of the Dungeon
  4124 | D:5      | Found Nuopne Joeda's Armour Emporium.
  4312 | D:5      | Found a snail-covered altar of Cheibriados.
  4439 | D:5      | Found a deep blue altar of Sif Muna.
  4524 | D:5      | Noticed Blork the orc
  4539 | D:5      | Killed Blork the orc
  4539 | D:5      | Reached skill level 6 in Hexes
  4775 | D:5      | Found a sacrificial altar of Ru.
  4958 | D:6      | Noticed Pikel
  5053 | D:6      | Killed Pikel
  5053 | D:6      | Reached skill level 7 in Hexes
  5053 | D:6      | Reached XP level 9. HP: 61/61 MP: 4/14
  5080 | D:6      | Noticed a hippogriff
  5094 | D:6      | Killed a hippogriff
  5144 | D:6      | Found a sparkling altar of Nemelex Xobeh.
  5282 | D:6      | Found Zosov's General Store.
  5448 | D:6      | Found a glowing silver altar of Zin.
  5448 | D:6      | Noticed an angel
  5488 | D:6      | Noticed Menkaure
  5502 | D:6      | Killed Menkaure
  6002 | D:7      | Found a shattered altar of Ashenzari.
  6029 | D:7      | Reached skill level 8 in Hexes
  6063 | D:7      | Reached XP level 10. HP: 67/67 MP: 12/16
  6092 | D:7      | Found a staircase to the Ecumenical Temple.
  6795 | D:7      | Lost mutation: Your spells are a little harder to cast, but a little more powerful. [potion of mutation]
  6795 | D:7      | Lost mutation: You have sharp fingernails. [potion of mutation]
  6795 | D:7      | Lost mutation: You possess an exceptional clarity of mind. [potion of mutation]
  6795 | D:7      | Gained mutation: Your flesh is cold resistant. (rC+) [potion of mutation]
  6795 | D:7      | Gained mutation: Your flesh is very cold resistant. (rC++) [potion of mutation]
  6795 | D:7      | Gained mutation: Your muscles are strong. (Str +2) [potion of mutation]
  6795 | D:7      | Gained mutation: You expend magic power (3 MP) to strengthen your wands. [potion of mutation]
  7081 | Temple   | Entered the Ecumenical Temple
  7118 | Temple   | Became a worshipper of Makhleb the Destroyer
  7198 | D:8      | Found a blossoming altar of Fedhas.
  7201 | D:8      | Found a glowing golden altar of the Shining One.
  7222 | D:8      | Got a polished mace
  7223 | D:8      | Identified the +8 mace "Killer Klown's Bane" {drain, *Noise Dex+4} (You found it on level 8 of the Dungeon)
  7262 | D:8      | Found a staircase to the Lair.
  7369 | D:8      | Found a sparkling altar of Nemelex Xobeh.
  7409 | D:8      | Found a hazy altar of Hepliaklqana.
  7417 | D:8      | Found a sand-covered staircase.
  7424 | Ossuary  | Entered an ossuary
  7554 | Ossuary  | Reached * piety under Makhleb
  7782 | Ossuary  | Lost mutation: You expend magic power (3 MP) to strengthen your wands. [potion of mutation]
  7782 | Ossuary  | Lost mutation: Your flesh is very cold resistant. (rC++) [potion of mutation]
  7782 | Ossuary  | Lost mutation: Your muscles are strong. (Str +2) [potion of mutation]
  7782 | Ossuary  | Gained mutation: Scrolls take you a little longer to read. [potion of mutation]
  7782 | Ossuary  | Gained mutation: You have a pair of small horns on your head. [potion of mutation]
  7948 | D:8      | Found a shimmering altar of Xom.
  7950 | D:8      | Found a hazy altar of Hepliaklqana.
  8327 | D:9      | Noticed a two-headed ogre
  8350 | D:9      | Killed a two-headed ogre
  8350 | D:9      | Reached skill level 9 in Hexes
  8357 | D:9      | Got a transparent robe
  8368 | D:9      | Identified the +1 robe "Mugo" {rN+} (You found it on level 9 of the Dungeon)
  8517 | D:9      | Reached skill level 5 in Spellcasting
  8828 | D:9      | Reached ** piety under Makhleb
  8981 | D:9      | Noticed a two-headed ogre
  8995 | D:9      | HP: 1/67 [two-headed ogre/giant club (15)]
  9000 | D:9      | Killed a two-headed ogre
  9000 | D:9      | Reached XP level 11. HP: 22/72 MP: 17/19
  9093 | D:9      | Reached skill level 10 in Hexes
  9108 | D:9      | Got an ancient whip
  9109 | D:9      | Identified the +11 whip "Tiut" {slash, Dex+6} (You found it on level 9 of the Dungeon)
  9209 | D:9      | Slain by a merfolk

Vault maps used:
D:1:      zaba_arrival_water
D:2:      minmay_wonky_spiral, kiku_gazebo_garden_becter, uniq_robin,
          uniq_crazy_yiuf_cottage
D:3:      minmay_misc_feat_hallway, grunt_ministairs_4, kennysheep_nub
D:4:      corexii_shack_village, serial_shops, kennysheep_mini, serial_undead,
          serial_undead_c, serial_undead_f, serial_undead_a, serial_undead_d,
          serial_undead_b, serial_undead_b, serial_undead_d, serial_undead_e,
          serial_undead_a, serial_undead_f, first_ration
D:5:      hangedman_ru_absence, overflow_temple_1_default, old_standard_altar,
          serial_shops, nicolae_shop_crystal, uniq_blork_the_orc
D:6:      zin_angel, nemelex_xobeh_ov_fountains_minmay, serial_shops,
          nicolae_shop_stone, uniq_pikel, uniq_menkaure
D:7:      nicolae_ashenzari_panopticon, minmay_temple_entry_glassed_door
D:8:      nicolae_overflow_hidden_temple, dpeg_oklobed_lair,
          gup_ossuary_entry_pyramid, basic_altar, nemelex_lonely_heart_becter
D:9:      corexii_leaking_fountain, hangedman_fish_farm
Temple:   jpeg_temple_clearing
Ossuary:  ossuary_minmay_scorpions

Skill      XL: |  1  2  3  4  5  6  7  8  9 10 11 |
---------------+----------------------------------+-----
Dodging        | 3 4 5 6 |  6.9
Fighting       | 1 2 |  2.2
Hexes          | 4 5 7 8 9 10 | 10.0
Stealth        | 5 6 7 9 |  9.1
Ice Magic      | 1 2 |  2.8
Spellcasting   | 3 4 5 |  5.5
Short Blades   | 2 3 |  3.6
Long Blades    | |  0.7
Maces & Flails | |  0.7

Action                   |  1- 3 |  4- 6 |  7- 9 | 10-12 || total
-------------------------+-------+-------+-------+-------++-------
Melee: Dagger            |   179 |   166 |   331 |   251 ||   927
       Whip              |       |       |    10 |     5 ||    15
       Headbutt          |       |       |       |    20 ||    20
       Scimitar          |       |       |       |    19 ||    19
       Mace              |       |       |       |     9 ||     9
Throw: Tomahawk          |       |     8 |       |       ||     8
 Cast: Corona            |    35 |    20 |     3 |       ||    58
       Ensorcelled Hiber |     7 |     7 |    10 |    23 ||    47
       Confuse           |       |    10 |    19 |    35 ||    64
       Tukima's Dance    |       |     4 |     1 |     1 ||     6
Evoke: Wand              |       |       |       |     2 ||     2
  Use: Potion            |     4 |       |     1 |     4 ||     9
       Scroll            |       |     6 |     3 |     7 ||    16
 Stab: Sleeping          |     1 |     9 |    31 |    26 ||    67
       Confused          |       |     4 |     8 |    13 ||    25
       Distracted        |       |       |     1 |     1 ||     2
  Eat: Chunk             |     1 |     9 |    13 |     8 ||    31
       Ration            |       |       |       |     2 ||     2
Armor: Robe              |    80 |    54 |    66 |    42 ||   242
Dodge: Dodged            |   123 |   125 |   229 |   167 ||   644
       Rpst.: Scimitar   |       |       |       |     1 ||     1

Table legend:
 A = Spawn XP
 B = Non-spawn XP
 C = Spawn XP percentage of total XP
 D = Spawn monster count
 E = Non-spawn monster count
 F = Spawn count percentage of total count
 G = Total turns spent on level
                    A         B        C        D         E        F      G
               +---------+---------+-------+---------+---------+-------+---------
         Total |       0 |    8904 |   0.0 |       0 |     265 |   0.0 |  9209
               +---------+---------+-------+---------+---------+-------+---------
           D:1 |       0 |      35 |   0.0 |       0 |      20 |   0.0 |   758
           D:2 |       0 |     120 |   0.0 |       0 |      30 |   0.0 |  1262
           D:3 |       0 |     233 |   0.0 |       0 |      32 |   0.0 |   873
           D:4 |       0 |     887 |   0.0 |       0 |      54 |   0.0 |  1145
           D:5 |       0 |     504 |   0.0 |       0 |      19 |   0.0 |   945
           D:6 |       0 |    1619 |   0.0 |       0 |      26 |   0.0 |   876
           D:7 |       0 |     819 |   0.0 |       0 |      19 |   0.0 |  1241
           D:8 |       0 |     467 |   0.0 |       0 |      12 |   0.0 |   773
           D:9 |       0 |    3340 |   0.0 |       0 |      25 |   0.0 |   866
       Ossuary |       0 |     880 |   0.0 |       0 |      28 |   0.0 |   421
               +---------+---------+-------+---------+---------+-------+---------
